 Dungeon Crawl Stone Soup version 0.30-a0-622-gddc90eaa04 (webtiles) character file.

Game seed: 5527945031427237169

522 Leeroy the Covert (level 7, -1/32 HPs)
             Began as a Kobold Enchanter on Jan 10, 2023.
             Was a Follower of Hepliaklqana.
             Slain by a centaur zombie (3 damage)
             ... in an ossuary.
             The game lasted 00:10:35 (4202 turns).

Leeroy the Covert (Kobold Enchanter)                Turns: 4202, Time: 00:10:36

Health: -1/32      AC:  4    Str:  5    XL:     7   Next: 46%
Magic:  2/10       EV: 15    Int: 16    God:    Hepliaklqana [*.....]
Gold:   235        SH:  0    Dex: 18    Spells: 5/10 levels left

rFire   . . .      SeeInvis +    a - +1 dagger
rCold   + . .      Faith    .    (no shield)
rNeg    . . .      Spirit   .    b - +0 robe
rPois   .          Reflect  .    (no helmet)
rElec   .          Harm     .    (no cloak)
rCorr   .          Rampage  .    (no gloves)
Will    .....                    j - +1 pair of boots
Stlth   ++++++                   (no amulet)
HPRegen 0.25/turn                m - ring of see invisible
MPRegen 0.12/turn                v - ring of protection from cold

@: mighty
A: reduced essence, small, no large weapons, nightstalker 3
a: Renounce Religion, Recall Ancestor, Ancestor Identity


You were in an ossuary.
You worshipped Hepliaklqana.
Hepliaklqana was aware of your devotion.
You visited 1 branch of the dungeon, and saw 5 of its levels.
You also visited: Ossuary.

You collected 235 gold pieces.

Inventory:

Hand Weapons
 a - a +1 dagger (weapon)
 n - a +0 dagger of venom
Missiles
 g - 4 atropa-tipped darts (quivered)
 t - 12 poisoned darts
Armour
 b - a +0 robe (worn)
 j - a +1 pair of boots (worn)
Jewellery
 m - a ring of see invisible (left hand)
 v - a ring of protection from cold (right hand)
Wands
 k - a wand of roots (8)
 x - a wand of mindburst (5)
Scrolls
 d - 2 scrolls of teleportation {unknown}
 h - a scroll of fear {unknown}
 l - a scroll of butterflies {unknown}
 o - 3 scrolls of identify {unknown}
 q - a scroll of immolation {unknown}
 r - a scroll of noise {unknown}
 u - a scroll of enchant armour {unknown}
 w - a scroll of magic mapping {unknown}
Potions
 c - a potion of invisibility
 e - 2 potions of attraction {unknown}
 f - 3 potions of might
 i - 2 potions of brilliance {unknown}
 p - a potion of mutation {unknown}
 s - 2 potions of haste {unknown}
 z - a potion of degeneration {unknown}


   Skills:
 - Level 1.3 Short Blades
 - Level 2.4 Dodging
 + Level 10.5 Stealth
 - Level 2.1 Spellcasting
 + Level 4.1 Hexes


You had 5 spell levels left.
You knew the following spells:

 Your Spells              Type           Power      Damage    Failure   Level
a - Ensorcelled Hibernat  Hex/Ice        16%        N/A       13%         2
b - Confusing Touch       Hex            14%        N/A       12%         3

Your spell library contained the following spells:

 Spells                   Type           Power      Damage    Failure   Level
 Tukima's Dance           Hex            14%        N/A       12%         3
 Kiss of Death            Conj/Necr      4%         2d5       21%         1
 Magic Dart               Conj           4%         1d3       21%         1
 Dazzling Flash           Conj/Hex       16%        N/A       26%         3
 Searing Ray              Conj           2%         2d4       30%         2
 Sublimation of Blood     Necr           1%         N/A       30%         2
 Wereblood                Tmut           1%         N/A       30%         2
 Fulminant Prism          Conj/Hex       4%         3d5       65%         4
 Dispel Undead            Necr           1%         3d6       90%         4
 Summon Hydra             Summ           0%         N/A       100%        7


Dungeon Overview and Level Annotations

Branches:
Dungeon (7/15)            Ossuary (1/1)
 Temple: D:4-7

Altars:
Hepliaklqana

Shops:
D:2 (   D:3 ?


Innate Abilities, Weirdness & Mutations

Your life essence is reduced to manifest your ancestor. (-10% HP)
You are small and have problems with some larger weapons.
You are completely attuned to the shadows.


Message History

The bullfrog zombie hits you but does no damage.
The killer bee zombie misses you. The centaur zombie barely misses you.
The centaur zombie kicks you but does no damage.
The killer bee zombie attacks as you move away!
The killer bee zombie barely misses you.
The bullfrog zombie attacks as you move away!
The bullfrog zombie hits you.
The centaur zombie barely misses itself.
The centaur zombie kicks itself.
The bullfrog zombie barely misses you.
You closely miss the bullfrog zombie.
The bullfrog zombie is severely damaged.
The centaur zombie hits the bullfrog zombie.
The centaur zombie closely misses the bullfrog zombie.
The bullfrog zombie hits you.
* * * LOW HITPOINT WARNING * * *
It was a potion of might.
You feel very mighty all of a sudden. The bullfrog zombie closely misses you.
The centaur zombie hits the bullfrog zombie.
The bullfrog zombie is destroyed!
The killer bee zombie misses you.
The killer bee zombie completely misses you.
There is an open door, spattered with blood here.
The killer bee zombie closely misses you. x2
The killer bee zombie barely misses you.
The centaur zombie barely misses you. The centaur zombie closely misses you.
The killer bee zombie barely misses you.
There is an open door here.
You hit the centaur zombie.
The centaur zombie is heavily damaged.
The centaur zombie closely misses you. x2
The killer bee zombie barely misses you.
You hit the centaur zombie.
The centaur zombie is severely damaged.
The centaur zombie seems less confused.
The killer bee zombie hits you.
* * * LOW HITPOINT WARNING * * *
The killer bee zombie hits you.
* * * LOW HITPOINT WARNING * * *
The centaur zombie hits you.
You die...

≈≈
####~≈~
#.#.#.~
#+#'#.~~#
+..Z...~~
#.##@##~#
+.#Z..#
#.#.∩.#
+.#..∩#
#####


You could see a killer bee zombie and a centaur zombie.

Vanquished Creatures
  A black bear (D:4)
  2 bullfrog zombies (Ossuary)
  A hound (D:4)
  Natasha (thrice) (D:2 D:1)
  An iguana (D:7)
  A mummy (Ossuary)
  7 gnolls
  7 adders
  A shadow imp (D:7)
  A white imp (D:3)
  3 worms (D:2)
  7 ball pythons
  3 bats
  4 endoplasms
  A giant cockroach (D:1)
  8 goblins
  10 hobgoblins
  4 jackals (D:1)
  3 quokkas
  3 frilled lizards
  7 kobolds
  7 rats
85 creatures vanquished.

Vanquished Creatures (collateral kills)
  A giant cockroach (D:4)
1 creature vanquished.

Vanquished Creatures (others)
  An ancestor (Ossuary)
  4 withered plants (Ossuary)
5 creatures vanquished.

Grand Total: 91 creatures vanquished

Notes
Turn   | Place    | Note
-------+----------+-------------------------------------------
     0 | D:1      | Leeroy the Kobold Enchanter began the quest for the Orb.
     0 | D:1      | Reached XP level 1. HP: 10/10 MP: 3/3
   116 | D:1      | Reached XP level 2. HP: 15/15 MP: 5/5
   140 | D:1      | Learned a level 2 spell: Ensorcelled Hibernation
   187 | D:1      | Reached skill level 5 in Stealth
   395 | D:1      | Reached XP level 3. HP: 8/19 MP: 0/6
   645 | D:1      | Reached skill level 6 in Stealth
   750 | D:1      | Learned a level 3 spell: Confusing Touch
  1331 | D:2      | Noticed Natasha
  1520 | D:2      | Reached XP level 4. HP: 24/24 MP: 7/7
  1521 | D:2      | Found Dewi's Weapon Boutique.
  1602 | D:2      | Killed Natasha
  1798 | D:2      | Reached skill level 7 in Stealth
  1977 | D:2      | Noticed Natasha
  1983 | D:2      | Killed Natasha
  1984 | D:2      | Reached XP level 5. HP: 27/28 MP: 8/8
  2004 | D:2      | Noticed Natasha
  2053 | D:1      | Killed Natasha
  2174 | D:3      | Reached skill level 8 in Stealth
  2356 | D:3      | Identified the +2 falchion "Uda Guoz" {protect, Will+ MP+9}
  2557 | D:3      | Found Qyic's Magic Scroll Shoppe.
  2614 | D:3      | Found a hazy altar of Hepliaklqana.
  2619 | D:3      | Became a worshipper of Hepliaklqana the Forgotten
  2661 | D:3      | Reached XP level 6. HP: 32/32 MP: 9/9
  2783 | D:3      | Reached skill level 9 in Stealth
  3477 | D:4      | Reached * piety under Hepliaklqana
  3630 | D:4      | Noticed an ice beast
  3744 | D:4      | Noticed a black bear
  3750 | D:4      | Killed a black bear
  3751 | D:4      | Reached skill level 10 in Stealth
  3751 | D:4      | Reached XP level 7. HP: 31/32 MP: 3/10
  4076 | D:4      | You fall into a shaft and drop 3 floors!
  4145 | D:7      | Found a sand-covered staircase.
  4151 | Ossuary  | Entered an ossuary
  4202 | Ossuary  | Slain by a centaur zombie

Illustrated notes

Levels and vault maps discovered:
D:1:      evilmike_arrival_hilbert_curve, layout_loops_corners
D:2:      layout_rooms, serial_shops, nicolae_shop_bloodbath_and_beyond,
          corexii_corridor_pit, uniq_natasha
D:3:      layout_loops_ring, worldfamousw_hep_ancestral_shrine, serial_shops,
          nicolae_shop_stone
D:4:      layout_basic, uniq_edmund
D:7:      layout_basic, fedhas_altar_3, minmay_temple_entry_from_below_a,
          chequers_ossuary_entry_cave, serial_shops, nicolae_shop_crystal
Ossuary:  ossuary_zaba_flooded

Skill      XL: |  1  2  3  4  5  6  7 |
---------------+----------------------+-----
Stealth        | 5 6 7 8 10 | 10.5
Hexes          | 4 |  4.1
Short Blades   | |  1.3
Dodging        | |  2.4
Spellcasting   | |  2.1

Action                   |  1- 3 |  4- 6 |  7- 9 || total
-------------------------+-------+-------+-------++-------
Melee: Dagger            |    56 |    94 |    37 ||   187
       Punch             |     1 |     2 |     1 ||     4
 Cast: Ensorcelled Hiber |    13 |    13 |       ||    26
       Confusing Touch   |       |       |     4 ||     4
Invok: Recall Ancestor   |       |     1 |     1 ||     2
       Ancestor Identity |       |     1 |     1 ||     2
  Use: Potion            |       |     1 |     1 ||     2
 Stab: Sleeping          |    25 |    28 |     3 ||    56
       Distracted        |       |     2 |       ||     2
       Confused          |       |       |     2 ||     2
Armor: Robe              |     4 |    21 |    17 ||    42
Dodge: Dodged            |    41 |    57 |    51 ||   149

Table legend: (Time is in decaauts)
 A = Elapsed time spent in this place.
 B = Non-inter-level travel time spent in this place.
 C = Inter-level travel time spent in this place.
 D = Time resting spent in this place.
 E = Time spent auto-exploring this place.
 F = Levels seen in this place.
 G = Mean time per level.
                   A        B        C        D        E       F      G
               +--------+--------+--------+--------+--------+-----+--------+
         Total |   4209 |   4088 |    121 |    187 |   3031 |   6 |  701.5 |
       Dungeon |   4160 |   4039 |    121 |    187 |   3031 |   5 |  832.0 |
       Ossuary |     48 |     48 |      0 |      0 |      0 |   1 |   48.0 |
               +--------+--------+--------+--------+--------+-----+--------+

Top non-repeatable levels by time:
     D:1: 1472 daAuts
     D:3: 1128 daAuts
     D:2: 805 daAuts
     D:4: 680 daAuts
     D:7: 74 daAuts
 Ossuary: 48 daAuts
